 Dungeon Crawl Stone Soup version 0.21.1-1-g345015f (webtiles) character file.

6976 xccam the Severer (level 10, -4/77 HPs)
             Began as a Minotaur Berserker on Feb 9, 2018.
             Was a High Priest of Trog.
             Killed from afar by an electric eel (10 damage)
             ... with a bolt of electricity
             ... on level 9 of the Dungeon.
             The game lasted 00:46:06 (8358 turns).

xccam the Severer (Minotaur Berserker)              Turns: 8358, Time: 00:46:07

Health: -4/77      AC: 13    Str: 28    XL:     10   Next: 81%
Magic:  18/18      EV: 14    Int:  5    God:    Trog [*****.]
Gold:   526        SH:  0    Dex: 12    Spells: 9/9 levels left

rFire    . . .     SeeInvis +   K - +2 battleaxe (venom)
rCold    . . .     Gourm    +   (shield currently unavailable)
rNeg     . . .     Faith    .   C - +0 plate armour
rPois    .         Spirit   .   (helmet restricted)
rElec    .         Reflect  .   (no cloak)
rCorr    .         Harm     .   s - +0 pair of gloves
MR       .....                  (no boots)
Stlth    ..........             h - amulet of the gourmand
HPRegen  0.22/turn              g - +3 ring of evasion
MPRegen  0.16/turn              w - ring of Hihoon {MP+9 Str+4}

@: berserk cooldown, slowed, very slow
A: retaliatory headbutt, horns 2, see invisible, agile 1, mutation resistance 1
a: Berserk, Trog's Hand, Brothers in Arms, Burn Spellbooks, Renounce Religion


You were on level 9 of the Dungeon.
You worshipped Trog.
Trog was extremely pleased with you.
You were very full.

You visited 1 branch of the dungeon, and saw 9 of its levels.
You also visited: Ossuary.

You collected 526 gold pieces.

Inventory:

Hand Weapons
 K - a +2 battleaxe of venom (weapon)
Armour
 d - a +1 ring mail
 i - a +0 shield
 m - a +2 helmet
 s - a +0 pair of gloves (worn)
 C - a +0 plate armour (worn)
Jewellery
 g - a +3 ring of evasion (left hand)
 h - an amulet of the gourmand (around neck)
 w - the ring of Hihoon (right hand) {MP+9 Str+4}
   (You found it on level 7 of the Dungeon)

   [ring of magical power]

   It affects your strength (+4).
   It affects your magic capacity (+9).
 E - an uncursed ring of protection from cold
Wands
 f - a wand of random effects (68)
 o - a wand of iceblast (15)
 q - a wand of flame (20)
 y - a wand of disintegration (15)
 J - a wand of clouds (5)
Scrolls
 j - 5 scrolls of identify
 k - 5 scrolls of remove curse
 l - 4 scrolls of fog
 n - 3 scrolls of teleportation
 r - a scroll of blinking
 u - 2 scrolls of enchant armour
 D - a scroll of fear
Potions
 e - 3 potions of resistance
 t - 3 potions of cancellation
 x - a potion of brilliance
 z - a potion of invisibility
 A - a potion of ambrosia
 B - 2 potions of curing
 F - a potion of heal wounds
 G - a potion of haste
 H - a potion of flight
Comestibles
 c - 16 rations


   Skills:
 - Level 3.6 Fighting
 + Level 15.5 Axes
 + Level 6.0 Armour
 + Level 8.9 Dodging
 + Level 1.8 Stealth
 + Level 2.7 Shields
 + Level 0.3 Evocations


You had 9 spell levels left.
You didn't know any spells.

Dungeon Overview and Level Annotations

Branches:
Dungeon (9/15)             Temple (0/1) D:7            Lair (0/6) D:9
    Orc: D:9-12

Altars:
Ashenzari
Cheibriados
Elyvilon
Fedhas
Gozag
Hepliaklqana
Okawaru
Trog
Uskayaw
Vehumet
Xom
Zin
The Shining One


Innate Abilities, Weirdness & Mutations

You reflexively headbutt those who attack you in melee.
You have a pair of horns on your head.
You have supernaturally acute eyesight. (SInv)
You are agile. (Dex +2)
You are somewhat resistant to further mutation.


Message History

* * * LOW HITPOINT WARNING * * *
A red film seems to cover your vision as you go berserk!
You feel yourself moving faster!
You feel mighty!
The electric eel shoots out a bolt of lightning at you!
The bolt of electricity hits you!
* * * LOW HITPOINT WARNING * * *
The electric eel shoots out a bolt of lightning at you!
The bolt of electricity hits you!
* * * LOW HITPOINT WARNING * * *
You feel a strong urge to attack something.
The electric eel shoots out a bolt of lightning at you!
The bolt of electricity hits you!
* * * LOW HITPOINT WARNING * * *
You feel your anger nearly subside.
You are no longer berserk.
You are exhausted.
You feel yourself slow down.
The electric eel shoots out a bolt of lightning at you!
The bolt of electricity hits you!
You die...

;≈≈≈≈≈≈≈≈.≈≈≈≈.......#####.#
≈≈≈≈≈≈≈≈≈≈.≈≈....#### #.#
≈≈≈≈≈≈≈≈;≈..≈;≈..# #.#
.≈≈≈≈≈≈;....≈.≈..# #.#
.≈≈≈≈≈≈..........# #.#
#....!..<......# ### #.####
#.........###..###.## #....#
##.#...#### #..##...## ####[#
#.#...### #@.......# #.#
#####.#.....# ##.##...## #.#
....#.#####.# #.##...#### #.#
###.#.# #.# #....#....####.#
#.#.#####.#####.#######......#
#......)...........#...(######
#########.####.#...#.#### #.#
#.#.#.#.# #.# ##.#.#...#


You could see an electric eel.

Vanquished Creatures
  2 two-headed ogres
  The ghost of rlgrobin the Envoy of Void, a novice DsAK of Lugonu (D:9)
  Maurice (D:9)
  A troll (D:9)
  Grinder (D:5)
  2 hippogriffs
  A wyvern (D:9)
  Menkaure (D:5)
  Edmund (D:5)
  A water moccasin (D:6)
  An orc warrior (D:6)
  2 ice beasts (D:9)
  3 sky beasts
  2 ogres (D:6)
  A wolf (D:9)
  5 centaurs
  2 bullfrogs
  An elf zombie (Ossuary)
  2 wyvern zombies (D:9)
  A wyvern skeleton (D:6)
  4 killer bees (D:9)
  2 scorpions
  A water moccasin skeleton (D:8)
  5 wights (D:9)
  An electric eel (D:9)
  3 crimson imps
  A human zombie (Ossuary)
  2 bullfrog skeletons
  8 hounds
  3 jellies (D:9)
  3 orc priests
  6 orc wizards
  Ijyb (D:5)
  A centaur skeleton (D:4)
  9 worker ants
  A killer bee zombie (D:8)
  3 hound zombies (Ossuary)
  4 mummies (Ossuary)
  A howler monkey zombie (D:6)
  12 adders
  2 shadow imps
  5 oozes (D:9)
  2 adder skeletons
  4 worms
  3 dart slugs
  6 leopard geckos
  37 orcs
  4 giant cockroaches
  7 goblins
  11 hobgoblins
  15 jackals
  6 quokkas
  A ball python (D:3)
  4 bats
  10 frilled lizards
  A gnoll zombie (Ossuary)
  2 goblin zombies (Ossuary)
  A hobgoblin zombie (Ossuary)
  8 kobolds
  A kobold zombie (Ossuary)
  A leopard gecko skeleton (D:4)
  4 rats
  2 rat zombies (Ossuary)
240 creatures vanquished.

Notes
Turn   | Place    | Note
-------+----------+-------------------------------------------
     0 | D:1      | xccam the Minotaur Berserker began the quest for the Orb.
     0 | D:1      | Reached XP level 1. HP: 19/19 MP: 0/0
   233 | D:1      | Reached skill level 4 in Axes
   235 | D:1      | Reached XP level 2. HP: 23/26 MP: 1/1
   754 | D:2      | Reached XP level 3. HP: 12/31 MP: 2/2
  1396 | D:2      | Reached skill level 5 in Axes
  1444 | D:2      | Reached ** piety under Trog
  1478 | D:2      | Reached XP level 4. HP: 33/39 MP: 3/3
  1952 | D:3      | Reached XP level 5. HP: 29/45 MP: 4/4
  2164 | D:3      | Found a glowing silver altar of Zin.
  2193 | D:3      | Found a glowing golden altar of the Shining One.
  2650 | D:4      | Reached skill level 1 in Shields
  2762 | D:4      | Found a radiant altar of Vehumet.
  3001 | D:4      | Reached skill level 6 in Axes
  3001 | D:4      | Reached XP level 6. HP: 51/51 MP: 5/5
  3038 | D:4      | Reached skill level 5 in Dodging
  3149 | D:4      | Found a bloodstained altar of Trog.
  3227 | D:4      | Noticed a sky beast
  3239 | D:4      | Killed a sky beast
  3568 | D:5      | Entered Level 5 of the Dungeon
  3637 | D:5      | Noticed Ijyb
  3642 | D:5      | Killed Ijyb
  3642 | D:5      | Reached *** piety under Trog
  3646 | D:5      | Reached skill level 7 in Axes
  3646 | D:5      | Reached XP level 7. HP: 50/57 MP: 6/6
  4055 | D:5      | Noticed Menkaure
  4060 | D:5      | Killed Menkaure
  4060 | D:5      | Reached skill level 1 in Stealth
  4100 | D:5      | Reached skill level 8 in Axes
  4354 | D:5      | Noticed Edmund
  4358 | D:5      | Killed Edmund
  4510 | D:5      | Noticed Grinder
  4512 | D:5      | Killed Grinder
  4512 | D:5      | Reached skill level 9 in Axes
  4512 | D:5      | Reached XP level 8. HP: 52/64 MP: 7/7
  4808 | D:5      | Found a snail-covered altar of Cheibriados.
  4995 | D:6      | Reached skill level 10 in Axes
  5022 | D:6      | Found a sand-covered staircase.
  5040 | Ossuary  | Entered an ossuary
  5048 | Ossuary  | Reached **** piety under Trog
  5053 | Ossuary  | Reached skill level 11 in Axes
  5202 | Ossuary  | Gained mutation: You have supernaturally acute eyesight. (SInv) [potion of mutation]
  5202 | Ossuary  | Gained mutation: You are agile. (Dex +2) [potion of mutation]
  5202 | Ossuary  | Gained mutation: You are somewhat resistant to further mutation. [potion of mutation]
  5413 | D:6      | Reached XP level 9. HP: 16/70 MP: 8/8
  5864 | D:6      | Found a hide-covered altar of Uskayaw.
  5866 | D:6      | Found a shimmering altar of Xom.
  5868 | D:6      | Found an iron altar of Okawaru.
  5963 | D:7      | Got a scorched wooden ring
  5964 | D:7      | Identified the ring of Hihoon {MP+9 Str+4} (You found it on level 7 of the Dungeon)
  6177 | D:7      | Reached skill level 12 in Axes
  6217 | D:7      | Found a staircase to the Ecumenical Temple.
  6348 | D:7      | Found a shattered altar of Ashenzari.
  6809 | D:8      | Reached ***** piety under Trog
  6853 | D:8      | Noticed a two-headed ogre
  6862 | D:8      | Killed a two-headed ogre
  6862 | D:8      | Reached skill level 13 in Axes
  7153 | D:8      | Found an opulent altar of Gozag.
  7475 | D:9      | Noticed rlgrobin's ghost (novice DsAK)
  7489 | D:9      | Killed rlgrobin's ghost
  7489 | D:9      | Reached skill level 14 in Axes
  7489 | D:9      | Reached XP level 10. HP: 75/77 MP: 9/9
  7497 | D:9      | Noticed Maurice
  7594 | D:9      | Noticed a two-headed ogre
  7601 | D:9      | Killed a two-headed ogre
  7616 | D:9      | Found a white marble altar of Elyvilon.
  7724 | D:9      | Killed Maurice
  7724 | D:9      | Reached skill level 5 in Armour
  7761 | D:9      | Found a blossoming altar of Fedhas.
  7828 | D:9      | Found a staircase to the Lair.
  7834 | D:9      | Reached skill level 15 in Axes
  8021 | D:9      | Found a hazy altar of Hepliaklqana.
  8358 | D:9      | Killed from afar by an electric eel

Skill      XL: |  1  2  3  4  5  6  7  8  9 10 |
---------------+-------------------------------+-----
Axes           | 4 5 6 7 9 11 14 15 | 15.5
Dodging        | 3 4 5 6 7 8 |  8.9
Shields        | 1 2 |  2.7
Stealth        | 1 |  1.8
Armour         | 3 6 |  6.0
Fighting       | |  3.6
Evocations     | |  0.3

Action                   |  1- 3 |  4- 6 |  7- 9 | 10-12 || total
-------------------------+-------+-------+-------+-------++-------
Melee: Hand axe          |   117 |    98 |       |       ||   215
       Headbutt          |    12 |    22 |    45 |    15 ||    94
       Battleaxe         |       |    53 |   218 |   108 ||   379
Invok: Berserk           |       |     1 |     3 |     5 ||     9
       Burn Spellbooks   |       |       |     3 |       ||     3
       Trog's Hand       |       |       |     1 |     2 ||     3
Evoke: Wand              |     2 |       |     1 |       ||     3
  Use: Potion            |     4 |     4 |     9 |       ||    17
       Scroll            |     3 |     8 |     2 |     1 ||    14
  Eat: Ration            |     1 |       |       |       ||     1
       Chunk             |       |    11 |    18 |     9 ||    38
Armor: Ring mail         |    23 |    39 |    51 |       ||   113
       Plate armour      |       |       |     8 |    36 ||    44
Dodge: Dodged            |    45 |    80 |   183 |    70 ||   378
Block: Shield            |    14 |    41 |       |       ||    55
